Map: Submarine LE

Players

Kelazhur

  • Race: Terran Terran
  • League: Master
  • Spawn Location: 5:00

SpeCial - Winner!

  • Race: Terran Terran
  • Spawn Location: 11:00

Event: DreamHack SC2 Masters 2020 Fall

VOD

Have the link to the VOD?

Description

Time

  • Played on: Aug. 30, 2020, 4:28 p.m.
  • Length: 10:30

All games in this series

Show
View Real Time Build Order
Export as new Build Order

Kelazhur Terran 

Build Orders:  

Get SALT Encoding   

  12  0:00  SCV  
  13  0:12  SCV  
  14  0:17  Supply Depot  
  14  0:24  SCV  
  15  0:38  SCV, Barracks  
  16  0:44  Refinery  
  16  0:50  SCV  
  16  0:52  Refinery  
  17  1:02  SCV  
  18  1:14  SCV  
  19  1:25  Reaper  
  19  1:26  Supply Depot  
  19  1:27  Orbital Command  
  20  1:41  Factory  
  20  1:53  SCV  
  21  1:57  Reaper  
  22  2:05  SCV  
  23  2:17  Command Center  
  23  2:20  SCV  
  24  2:25  Hellion  
  26  2:32  Starport  
  26  2:35  SCV  
  27  2:39  Barracks Reactor  
  27  2:45  Supply Depot  
  27  2:47  SCV  
  27  2:48  Factory Tech Lab  
  28  2:59  SCV  
  29  3:07  Cyclone  
  33  3:12  SCV  
  33  3:15  Marine x2  
  33  3:16  Refinery  
  35  3:21  Viking  
  35  3:24  SCV  
  38  3:31  Orbital Command  
  38  3:37  SCV  
  39  3:43  Siege Tank  
  42  3:49  SCV  
  43  3:57  SCV  
  43  4:00  Viking  
  43  4:01  SCV  
  47  4:05  Viking  
  47  4:08  Supply Depot  
  47  4:09  SCV  
  50  4:13  SCV  
  51  4:18  Siege Tank  
  51  4:21  SCV  
  54  4:30  SCV, Supply Depot  
  55  4:33  SCV  
  55  4:36  Viking  
  58  4:38  Viking  
  58  4:43  SCV  
  61  4:47  SCV  
  61  4:52  Siege Tank  
  65  4:53  Supply Depot  
  65  4:58  SCV  
  66  5:02  SCV  
  66  5:09  Viking x2  
  70  5:15  SCV x2, Supply Depot  
  71  5:27  SCV x2  
  67  5:39  SCV x2, Viking  
  67  5:40  Siege Tank  
  65  5:51  SCV x2  
  65  5:56  Viking  
  66  6:03  SCV x2  
  68  6:10  Viking  
  70  6:13  Siege Tank  
  70  6:16  SCV  
  74  6:22  SCV  
  75  6:26  Viking  
  75  6:28  SCV  
  75  6:30  Command Center  
  78  6:33  Refinery  
  78  6:34  SCV  
  78  6:38  Supply Depot  
  79  6:43  SCV  
  79  6:45  Siege Tank  
  83  6:52  Viking  
  85  7:02  Viking  
  85  7:03  SCV  
  86  7:11  SCV  
  77  7:21  SCV  
  77  7:22  Viking, Barracks x2  
  80  7:23  SCV, Barracks x2  
  80  7:26  Siege Tank  
  80  7:27  Barracks Tech Lab  
  84  7:33  SCV  
  84  7:35  Viking  
  84  7:36  SCV  
  88  7:42  Orbital Command  
  88  7:47  SCV  
  88  7:50  Refinery  
  87  7:52  SCV  
  87  7:54  Viking, Refinery  
  79  7:59  Marine  
  79  8:00  Siege Tank  
  79  8:02  SCV  
  79  8:05  Viking  
  83  8:09  SCV  
  81  8:14  SCV  
  81  8:15  Marine  
  81  8:16  Stimpack, Marine x3  
  81  8:17  Marine  
  84  8:21  SCV  
  85  8:27  SCV  
  85  8:32  Viking  
  85  8:33  Marine  
  87  8:35  Viking  
  87  8:36  Orbital Command, Siege Tank  
  87  8:37  SCV  
  87  8:39  SCV  
  94  8:48  Marine x4  
  92  8:50  SCV  
  92  8:51  SCV, Marine  
  98  9:02  SCV  
  99  9:03  SCV  
  99  9:05  Engineering Bay  
  99  9:06  Marine x2  
  99  9:07  Engineering Bay  
  99  9:08  SCV, Supply Depot  
  98  9:14  SCV  
  98  9:15  SCV  
  97  9:28  Marine x3  
  102  9:32  Siege Tank  
  104  9:40  Marine  
  104  9:43  Marine  
  100  9:45  Marine  
  100  9:46  SCV, Marine x2  
  100  9:48  Refinery x2  
  104  9:55  Supply Depot  
  104  9:58  Marine  
  105  10:03  Marine  
  105  10:04  Marine x2  
  105  10:05  SCV  
  105  10:07  Starport, Barracks  
Show
View Real Time Build Order
Export as new Build Order

SpeCial Terran - Winner!

Build Orders: 1/1/1 

Get SALT Encoding   

  12  0:00  SCV  
  13  0:12  SCV  
  14  0:17  Supply Depot  
  14  0:24  SCV  
  14  0:27  Refinery  
  15  0:39  SCV  
  16  0:43  Barracks  
  16  0:51  SCV  
  16  0:55  Refinery  
  17  1:03  SCV  
  18  1:15  SCV  
  19  1:31  Orbital Command  
  19  1:32  Factory  
  19  1:34  Reaper  
  20  1:41  Supply Depot  
  20  1:57  SCV  
  21  2:06  Reaper  
  22  2:09  SCV  
  23  2:16  Hellion  
  23  2:17  Starport  
  23  2:21  SCV  
  26  2:24  Supply Depot  
  26  2:33  SCV  
  27  2:37  Widow Mine  
  27  2:39  Barracks Tech Lab  
  29  2:45  SCV  
  30  2:56  Command Center  
  30  3:06  Banshee  
  30  3:08  Barracks Reactor  
  30  3:10  Factory Tech Lab  
  33  3:13  SCV  
  33  3:18  Supply Depot  
  34  3:25  SCV  
  35  3:29  Siege Tank  
  38  3:36  Refinery  
  38  3:37  SCV  
  39  3:45  Marine x2  
  41  3:49  SCV  
  41  3:51  Raven  
  44  4:05  SCV  
  44  4:08  Orbital Command  
  45  4:13  Siege Tank  
  45  4:15  Marine  
  45  4:16  Marine  
  50  4:17  SCV  
  51  4:29  SCV  
  52  4:34  SCV  
  52  4:36  Supply Depot  
  53  4:41  SCV  
  53  4:43  Viking x2  
  58  4:49  SCV  
  60  4:53  Siege Tank  
  60  4:57  Marine  
  63  5:12  SCV  
  63  5:13  Viking x2  
  66  5:15  Marine  
  66  5:18  SCV  
  68  5:24  SCV  
  68  5:27  Siege Tank  
  69  5:30  SCV  
  69  5:33  Marine  
  67  5:36  SCV  
  67  5:42  SCV  
  69  5:45  Viking  
  69  5:46  Viking  
  69  5:48  SCV  
  70  5:54  SCV, Marine  
  69  6:00  SCV  
  69  6:01  Supply Depot  
  70  6:06  SCV, Siege Tank  
  74  6:11  Marine  
  74  6:13  SCV, Supply Depot  
  76  6:18  SCV  
  76  6:22  Viking x2  
  76  6:25  SCV, Supply Depot  
  82  6:29  Refinery, Marine  
  83  6:33  SCV  
  83  6:36  Supply Depot  
  83  6:37  SCV  
  85  6:42  Siege Tank  
  87  6:47  Marine  
  87  6:52  SCV  
  88  6:57  Viking  
  88  6:58  Viking  
  92  7:05  Marine  
  84  7:17  Command Center  
  84  7:18  SCV x2  
  86  7:23  Marine, Siege Tank  
  86  7:27  Viking  
  86  7:28  Viking  
  94  7:30  SCV  
  95  7:39  Barracks  
  95  7:40  SCV, Barracks  
  95  7:41  Marine  
  95  7:42  SCV  
  88  7:58  Marine  
  88  7:59  Liberator  
  88  8:00  Viking  
  90  8:10  SCV  
  90  8:11  SCV  
  90  8:13  Stimpack  
  90  8:16  Marine  
  91  8:22  Engineering Bay x2  
  91  8:23  SCV  
  92  8:30  Viking  
  92  8:33  Siege Tank  
  97  8:34  Marine  
  97  8:38  SCV  
  99  8:42  Viking  
  99  8:43  Barracks Reactor  
  99  8:46  Barracks Reactor  
  96  8:49  SCV  
  96  8:50  SCV, Orbital Command  
  96  8:52  Marine  
  99  9:00  Viking  
  99  9:01  Refinery  
  101  9:04  Refinery  
  101  9:05  SCV  
  101  9:08  SCV  
  103  9:10  Marine  
  103  9:12  Viking  
  106  9:18  SCV  
  106  9:21  SCV  
  105  9:27  SCV, Marine  
  105  9:29  Marine x4  
  105  9:30  Viking, SCV  
  114  9:33  SCV  
  114  9:37  Barracks x2  
  115  9:39  SCV  
  115  9:42  Viking, SCV  
  115  9:45  SCV, Marine  
  120  9:46  Marine  
  120  9:47  Marine x3  
  120  9:50  Supply Depot  
  125  9:52  Sensor Tower  
  125  9:58  Supply Depot  
  125  10:09  Supply Depot  
  125  10:11  Marine x5  
  131  10:24  Supply Depot  

Tags
 
Add a new tag
Caveats
  • Supply blocks, unpowered buildings, or Contaminate may cause inaccurate times.
  • Supply counts are checked every 10 seconds.